 Dungeon Crawl Stone Soup version 0.29.0-4-gdea44cf6ec (webtiles) character file.

Game seed: 10024589361202929188

32028 qw the Severer (level 12, -7/117 HPs)
             Began as a Minotaur Fighter on Sept 6, 2022.
             Was a Believer of Ru.
             Succumbed to a sea snake's poison
             ... on level 5 of the Lair of Beasts.
             The game lasted 00:05:38 (15131 turns).

qw the Severer (Minotaur Fighter)                  Turns: 15131, Time: 00:05:38

Health: -7/117     AC: 21    Str: 25    XL:     12   Next: 29%
Magic:  11/11      EV: 13    Int:  5    God:    Ru [**....]
Gold:   1018       SH:  6    Dex: 11    Spells: 11/11 levels left

rFire   . . .      SeeInvis .   Y - +5 war axe
rCold   + . .      Faith    .   c - +0 buckler
rNeg    . . .      Spirit   .   f - +0 plate armour {rC+}
rPois   .          Reflect  .   (helmet restricted)
rElec   .          Harm     .   l - +0 cloak
rCorr   .          Rampage  .   e - +1 pair of gloves
Will    .....                   m - +0 pair of boots
Stlth   ..........              i - amulet of regeneration
HPRegen 1.09/turn               o - +4 ring of slaying {mikee}
MPRegen 0.12/turn               p - +4 ring of evasion

@: lethally poisoned (-7 -> -108), about to teleport, mesmerised, very slow
A: horns 2, no stealth, inexperienced 1, retaliatory headbutt
a: Renounce Religion


You were on level 5 of the Lair of Beasts.
You worshipped Ru.
Ru was pleased with you.
You visited 3 branches of the dungeon, and saw 17 of its levels.

You collected 1018 gold pieces.


Innate Abilities, Weirdness & Mutations

You have a pair of horns on your head.
You cannot be stealthy.
You are somewhat inexperienced. (-1 XL)
You reflexively headbutt those who attack you in melee.


   Skills:
 - Level 14.1 Fighting
 - Level 17.0 Axes
 - Level 3.1 Throwing
 - Level 13.0 Armour
 + Level 5.2 Dodging
 - Level 9.0 Shields


You had 11 spell levels left.
You didn't know any spells.
Your spell library was empty.

Inventory:

Hand Weapons
 k - the +10 whip of Nootiz {antimagic, Fly rF+ Int+2 Stlth+}
   (You found it on level 10 of the Dungeon)

   It reduces the magical energy of the wielder, and disrupts the spells and
   magical abilities of those it strikes.
   Natural abilities and divine invocations are not affected.
   Int:       It affects your intelligence (+2).
   rF:        It protects you from fire.
   Fly:       It grants you flight.
   Stlth:     It makes you more stealthy.
 u - a +3 morningstar
 Y - a +5 war axe (weapon)
Armour
 c - a +0 buckler (worn)
 e - a +1 pair of gloves (worn)
 f - a +0 plate armour of cold resistance (worn)
 l - a +0 cloak (worn)
 m - a +0 pair of boots (worn)
Jewellery
 i - an amulet of regeneration (around neck)
 o - a +4 ring of slaying (left hand) {mikee}
 p - a +4 ring of evasion (right hand)
Scrolls
 a - 6 scrolls of identify
 s - 2 scrolls of teleportation
Potions
 b - 10 potions of curing
 d - 3 potions of might
 h - 7 potions of heal wounds
 j - 2 potions of haste
 q - 3 potions of mutation

Dungeon Overview and Level Annotations

Branches:
Dungeon (11/15)            Temple (1/1) D:4            Lair (5/5) D:8
 Shoals (0/4) Lair:3        Snake (0/4) Lair:3
  Slime: Lair:4-5       Orc: D:9-12

Altars:
Ashenzari
Cheibriados
Dithmenos
Elyvilon
Fedhas
Gozag
Hepliaklqana
Kikubaaqudgha
Makhleb
Nemelex Xobeh
Okawaru
Qazlal
Ru
Trog
Uskayaw
Vehumet
Wu Jian
Xom
Yredelemnul
Zin

Shops:
D:1 =

Annotations:
D:7 2 transporters
D:10 2 runed translucent doors


Message History

The merfolk avatar chants its luring song.
You slash the sea snake! You headbutt the sea snake!
The sea snake is heavily wounded.
You feel extremely sick. The sea snake closely misses you.
The merfolk avatar chants its luring song.
Your unstable footing causes you to fumble your attack.
You feel very sick. The sea snake closely misses you. You furiously retaliate!
You headbutt the sea snake!
Your unstable footing causes you to fumble your attack.
You feel very sick.
You redirect the merfolk avatar's attack!
The sea snake barely misses you.
The merfolk avatar shouts!
You slice the sea snake!! You headbutt the sea snake.
The sea snake is almost dead.
You feel very sick.
The merfolk avatar chants its luring song.
You closely miss the sea snake.
The sea snake is almost dead.
You feel very sick. The sea snake bites you!
You hit the sea snake. You headbutt the sea snake.
The sea snake is almost dead.
You feel very sick. The sea snake bites you.
You are lethally poisoned!
The sea snake poisons you!
The merfolk avatar chants its luring song.
Your unstable footing causes you to fumble your attack.
You feel extremely sick. The sea snake bites you!
You are more poisoned.
The sea snake poisons you!
The merfolk avatar chants its luring song.
15131 ||| READING 3 scrolls of teleportation.
As you read the scroll of teleportation, it crumbles to dust.
You feel strangely unstable.
You die...

~# ~~ ......... # ~~#~
~......... #~#~#~
#~........
~~~~~~##~.........
~~8.~~~~..........
.m~~~~.......... ~
#~S#~......... #
#~#~#@~.........
#~~~#~~~.........!
#~#~~~P~~..%.?.?..
.8~~#~~#~^........
~##~######~#~##..........
~~~~.~~~~~~~~~~~~.P.#..#P.
.P~.~.~~~~~~~~~P~~..##..#
#~~~~~~##~~##~~.#...# ...
#~~#~~~##~~#~~~##..#.# ..#


You could see a merfolk avatar (mesmerising) and a sea snake.

Vanquished Creatures
  2 hydras
  A catoblepas (Lair:5)
  A two-headed ogre (D:10)
  2 sea snakes (Lair:5)
  Pikel (D:8)
  5 elephants
  3 black mambas
  A torpor snail (Lair:2)
  2 gargoyles
  7 cane toads
  4 rime drakes
  7 komodo dragons
  A kobold demonologist (D:11)
  4 trolls
  2 polar bears
  A snapping turtle (Lair:3)
  15 blink frogs
  2 wyverns
  Sigmund (D:2)
  45 yaks
  A wraith (D:6)
  2 basilisks
  A steam dragon (D:8)
  Menkaure (D:5)
  Edmund (D:6)
  An acid dragon (D:10)
  14 water moccasins
  3 nagas (Lair:3)
  5 orc warriors
  3 black bears (Lair:1)
  A sky beast (D:6)
  2 ogres
  3 wolves (Lair:2)
  2 phantoms
  6 centaurs
  3 lemures (D:8)
  A kobold brigand (D:9)
  A wyvern zombie (D:8)
  A gnoll sergeant (D:9)
  6 bullfrogs
  7 necrophages
  2 scorpions (D:6)
  27 wights
  3 killer bees
  5 howler monkeys
  2 hounds (D:6)
  A jelly (D:5)
  6 orc priests
  2 iron imps (D:10)
  2 iguanas
  10 orc wizards
  A mummy (D:11)
  10 gnolls
  A howler monkey zombie (D:8)
  A river rat (D:3)
  13 adders
  5 white imps
  3 worms (D:2)
  3 dart slugs
  35 orcs
  11 ball pythons
  8 endoplasms
  2 giant cockroaches
  5 goblins
  9 hobgoblins
  2 jackals (D:1)
  3 quokkas
  5 bats
  2 frilled lizards
  8 kobolds
  2 rats (D:2)
361 creatures vanquished.

Vanquished Creatures (others)
  A blink frog (Lair:1)
  A wyvern (D:10)
  A bullfrog (Lair:4)
  An orc wizard (D:6)
  An endoplasm (D:4)
  2 bushes (D:8)
  12 fungi
  73 plants
92 creatures vanquished.

Grand Total: 453 creatures vanquished

Notes
Turn   | Place    | Note
-------+----------+-------------------------------------------
     0 | D:1      | qw the Minotaur Fighter began the quest for the Orb.
     0 | D:1      | Reached XP level 1. HP: 19/19 MP: 0/0
     0 | D:1      | 0 ||| qw: Version: 0.1-a-108-g9e35731
     0 | D:1      | 0 ||| qw: Game counter: 6203
     0 | D:1      | 0 ||| qw: Always use a shield: true
     0 | D:1      | 0 ||| qw: God list: Ru
     0 | D:1      | 0 ||| qw: Allow faded altars: false
     0 | D:1      | 0 ||| qw: Do Orc after D:15 true
     0 | D:1      | 0 ||| qw: Do second Lair branch before Depths: true
     0 | D:1      | 0 ||| qw: Lair rune preference: random
     0 | D:1      | 0 ||| qw: Plans: Normal
     0 | D:1      | 0 ||| PLANNING D:1-11
    50 | D:1      | Found Vesehim's Jewellery Shoppe.
    56 | D:1      | 56 ||| SHOPLISTING amulet of guardian spirit (390 gold,
                  | have 0).
    56 | D:1      | 56 ||| SHOPLISTING amulet of the acrobat (390 gold, have
                  | 0).
    56 | D:1      | 56 ||| SHOPLISTING ring "Opisolix" {rPois Int+6 Dex+3} (695
                  | gold, have 0).
    56 | D:1      | 56 ||| SHOPLISTING ring of Xufoi {Ice Will+ Str+3} (570
                  | gold, have 0).
    56 | D:1      | 56 ||| SHOPLISTING ring of fire (325 gold, have 0).
    56 | D:1      | 56 ||| SHOPLISTING ring of ice (325 gold, have 0).
    56 | D:1      | 56 ||| SHOPLISTING ring of protection from cold (325 gold,
                  | have 0).
    56 | D:1      | 56 ||| SHOPLISTING ring of willpower (325 gold, have 0).
   136 | D:1      | Reached skill level 3 in Axes
   262 | D:1      | Reached XP level 2. HP: 26/26 MP: 1/1
   265 | D:1      | Found a faded altar of an unknown god.
   332 | D:1      | Noticed an eye of devastation
   333 | D:1      | Noticed a great orb of eyes
   334 | D:1      | Noticed a shining eye
   334 | D:1      | Noticed a shining eye
   374 | D:1      | 374 ||| Stepping ~*~*~tactically~*~*~ (stealth).
   375 | D:1      | 375 ||| Stepping ~*~*~tactically~*~*~ (stealth).
   380 | D:1      | 380 ||| Stepping ~*~*~tactically~*~*~ (stealth).
   381 | D:1      | 381 ||| Stepping ~*~*~tactically~*~*~ (stealth).
   382 | D:1      | 382 ||| Stepping ~*~*~tactically~*~*~ (stealth).
   383 | D:1      | 383 ||| Stepping ~*~*~tactically~*~*~ (stealth).
   386 | D:1      | 386 ||| Stepping ~*~*~tactically~*~*~ (stealth).
   682 | D:1      | 682 ||| UPGRADING to +0 chain mail.
   692 | D:1      | 692 ||| DROPPING +0 scale mail.
   693 | D:1      | 693 ||| READING 2 scrolls labelled MOMOLABRASH.
   781 | D:2      | Noticed Sigmund
   782 | D:2      | 782 ||| Stepping ~*~*~tactically~*~*~ (hiding).
   794 | D:2      | Killed Sigmund
   795 | D:2      | Reached skill level 6 in Axes
   795 | D:2      | Reached XP level 3. HP: 21/31 MP: 2/2
   795 | D:2      | Reached XP level 4. HP: 26/39 MP: 3/3
   795 | D:2      | Reached XP level 5. HP: 30/45 MP: 4/4
  1065 | D:2      | Reached skill level 1 in Dodging
  1291 | D:2      | Reached skill level 7 in Axes
  1394 | D:2      | 1394 ||| DROPPING +0 club.
  1613 | D:2      | 1613 ||| UPGRADING to ring of resist corrosion.
  1614 | D:2      | 1614 ||| READING scroll labelled JOERAMIOREC.
  1615 | D:2      | 1615 ||| READING scroll labelled ZEOVEWKA RYRUBB.
  1619 | D:2      | 1619 ||| DRINKING 4 amethyst potions.
  1620 | D:2      | 1620 ||| DRINKING 2 bubbling silvery potions.
  1621 | D:2      | 1621 ||| READING 4 scrolls of identify.
  1621 | D:2      | 1621 ||| IDENTIFYING fizzy white potion
  1645 | D:3      | 1645 ||| PLANNING SEWER
  1677 | D:3      | 1677 ||| Stepping ~*~*~tactically~*~*~ (stealth).
  1708 | D:3      | Reached XP level 6. HP: 52/52 MP: 5/5
  1729 | D:3      | 1729 ||| Stepping ~*~*~tactically~*~*~ (stealth).
  1731 | D:3      | 1731 ||| Stepping ~*~*~tactically~*~*~ (hiding).
  1863 | D:3      | 1863 ||| Stepping ~*~*~tactically~*~*~ (hiding).
  1864 | D:3      | 1864 ||| Stepping ~*~*~tactically~*~*~ (hiding).
  1871 | D:3      | Reached skill level 8 in Axes
  1889 | D:3      | 1889 ||| Stepping ~*~*~tactically~*~*~ (stealth).
  2039 | D:3      | 2039 ||| Stepping ~*~*~tactically~*~*~ (stealth).
  2042 | D:3      | Found a glowing drain.
  2044 | D:3      | 2044 ||| READING scroll labelled AWNOCU UKAAF.
  2045 | D:3      | 2045 ||| READING scroll labelled YVVIRI YFROI.
  2046 | D:3      | 2046 ||| Stepping randomly (stuck).
  2047 | D:3      | 2047 ||| Stepping ~*~*~tactically~*~*~ (cloud).
  2065 | D:3      | 2065 ||| FLEEEEING.
  2066 | D:3      | 2066 ||| Stepping ~*~*~tactically~*~*~ (stealth).
  2071 | D:3      | 2071 ||| FLEEEEING.
  2072 | D:3      | 2072 ||| FLEEEEING.
  2073 | D:3      | 2073 ||| FLEEEEING.
  2074 | D:3      | 2074 ||| FLEEEEING.
  2075 | D:3      | 2075 ||| FLEEEEING.
  2087 | D:3      | 2087 ||| FLEEEEING.
  2088 | D:3      | 2088 ||| FLEEEEING.
  2089 | D:3      | 2089 ||| FLEEEEING.
  2090 | D:3      | 2090 ||| FLEEEEING.
  2091 | D:3      | 2091 ||| FLEEEEING.
  2092 | D:3      | 2092 ||| FLEEEEING.
  2093 | D:3      | 2093 ||| FLEEEEING.
  2094 | D:3      | 2094 ||| FLEEEEING.
  2099 | D:3      | 2099 ||| FLEEEEING.
  2100 | D:3      | 2100 ||| FLEEEEING.
  2101 | D:3      | 2101 ||| FLEEEEING.
  2102 | D:3      | 2102 ||| FLEEEEING.
  2103 | D:3      | 2103 ||| FLEEEEING.
  2104 | D:3      | 2104 ||| FLEEEEING.
  2105 | D:3      | 2105 ||| FLEEEEING.
  2106 | D:3      | 2106 ||| FLEEEEING.
  2107 | D:3      | 2107 ||| FLEEEEING.
  2108 | D:3      | 2108 ||| FLEEEEING.
  2306 | D:3      | 2306 ||| Stepping ~*~*~tactically~*~*~ (stealth).
  2308 | D:3      | 2308 ||| FLEEEEING.
  2309 | D:3      | 2309 ||| FLEEEEING.
  2310 | D:3      | 2310 ||| FLEEEEING.
  2311 | D:3      | 2311 ||| FLEEEEING.
  2312 | D:3      | 2312 ||| FLEEEEING.
  2313 | D:3      | 2313 ||| FLEEEEING.
  2314 | D:3      | 2314 ||| FLEEEEING.
  2315 | D:3      | 2315 ||| FLEEEEING.
  2316 | D:3      | 2316 ||| FLEEEEING.
  2317 | D:3      | 2317 ||| FLEEEEING.
  2318 | D:3      | 2318 ||| FLEEEEING.
  2319 | D:3      | 2319 ||| FLEEEEING.
  2320 | D:3      | 2320 ||| FLEEEEING.
  2321 | D:3      | 2321 ||| FLEEEEING.
  2322 | D:3      | 2322 ||| FLEEEEING.
  2323 | D:3      | 2323 ||| FLEEEEING.
  2324 | D:3      | 2324 ||| FLEEEEING.
  2325 | D:3      | 2325 ||| FLEEEEING.
  2326 | D:3      | 2326 ||| FLEEEEING.
  2327 | D:3      | 2327 ||| FLEEEEING.
  2328 | D:3      | 2328 ||| FLEEEEING.
  2329 | D:3      | 2329 ||| FLEEEEING.
  2400 | D:3      | 2400 ||| DROPPING +0 whip.
  2464 | D:3      | 2464 ||| RIP SEWER
  2464 | D:3      | 2464 ||| PLANNING D:1-11
  2645 | D:3      | 2645 ||| DROPPING +0 flail.
  2924 | D:3      | 2924 ||| READING 2 scrolls labelled UBBIRCHA RUMAAMN.
  2925 | D:3      | 2925 ||| DROPPING scroll of fear.
  2985 | D:4      | 2985 ||| FLEEEEING.
  2986 | D:4      | 2986 ||| FLEEEEING.
  2987 | D:4      | 2987 ||| STAIRDANCE
  3147 | D:4      | 3147 ||| Stepping ~*~*~tactically~*~*~ (hiding).
  3149 | D:4      | 3149 ||| Stepping ~*~*~tactically~*~*~ (hiding).
  3157 | D:4      | Reached XP level 7. HP: 45/59 MP: 6/6
  3232 | D:4      | Found a staircase to the Ecumenical Temple.
  3233 | D:4      | 3233 ||| PLANNING TEMPLE
  3237 | D:4      | Reached skill level 9 in Axes
  3242 | Temple   | Entered the Ecumenical Temple
  3265 | Temple   | Became a worshipper of Ru the Awakened
  3277 | Temple   | 3277 ||| PLANNING D:1-11
  3352 | D:4      | 3352 ||| Stepping ~*~*~tactically~*~*~ (stealth).
  3389 | D:4      | 3389 ||| Stepping ~*~*~tactically~*~*~ (hiding).
  3700 | D:4      | Found a glowing silver altar of Zin.
  3851 | D:4      | 3851 ||| UPGRADING to +0 cloak.
  3856 | D:4      | 3856 ||| READING scroll labelled INEOSK GEUHICH.
  3861 | D:5      | Entered Level 5 of the Dungeon
  3893 | D:5      | 3893 ||| Stepping ~*~*~tactically~*~*~ (hiding).
  4057 | D:5      | Noticed Menkaure
  4058 | D:5      | 4058 ||| Stepping ~*~*~tactically~*~*~ (hiding).
  4059 | D:5      | 4059 ||| Stepping ~*~*~tactically~*~*~ (hiding).
  4066 | D:5      | HP: 14/61 [Menkaure/nerve-wracking pain (5)]
  4067 | D:5      | 4067 ||| DRINKING 4 potions of heal wounds.
  4068 | D:5      | Killed Menkaure
  4069 | D:5      | Reached skill level 10 in Axes
  4073 | D:5      | Reached skill level 1 in Throwing
  4232 | D:5      | Found a broken altar of Ashenzari.
  4326 | D:5      | 4326 ||| INVOKING Sacrifice Experience.
  4326 | D:5      | Gained mutation: You are somewhat inexperienced. (-1 XL)
                  | [Ru sacrifice]
  4326 | D:5      | Reached XP level 6. HP: 56/56 MP: 5/5
  4326 | D:5      | Reached * piety under Ru
  4386 | D:5      | Reached XP level 7. HP: 59/62 MP: 6/6
  4601 | D:5      | 4601 ||| UPGRADING to +0 pair of boots.
  4606 | D:5      | 4606 ||| UPGRADING to +4 ring of evasion.
  4607 | D:5      | 4607 ||| READING scroll labelled SOHYM QOUDOSET.
  4608 | D:5      | 4608 ||| READING 4 scrolls of identify.
  4608 | D:5      | 4608 ||| IDENTIFYING glowing inky potion
  4609 | D:5      | 4609 ||| DROPPING potion of brilliance.
  4622 | D:6      | Found a shimmering altar of Xom.
  4623 | D:6      | 4623 ||| Stepping ~*~*~tactically~*~*~ (hiding).
  4631 | D:6      | 4631 ||| DRINKING 2 potions of curing.
  4631 | D:6      | 4631 ||| (to cure confusion)
  4641 | D:6      | 4641 ||| DRINKING potion of curing.
  4641 | D:6      | 4641 ||| (to cure confusion)
  4644 | D:6      | Reached skill level 6 in Fighting
  4887 | D:6      | 4887 ||| Stepping ~*~*~tactically~*~*~ (stealth).
  4889 | D:6      | 4889 ||| Stepping ~*~*~tactically~*~*~ (hiding).
  4897 | D:6      | Reached skill level 11 in Axes
  5169 | D:6      | 5169 ||| Stepping ~*~*~tactically~*~*~ (stealth).
  5180 | D:6      | Noticed a gargoyle
  5195 | D:6      | HP: 13/63 [gargoyle/+0 mace (13)]
  5196 | D:6      | 5196 ||| DRINKING 5 potions of heal wounds.
  5200 | D:6      | 5200 ||| DRINKING 4 potions of heal wounds.
  5203 | D:6      | Killed a gargoyle
  5204 | D:6      | Reached skill level 12 in Axes
  5204 | D:6      | Reached XP level 8. HP: 46/70 MP: 7/7
  5225 | D:6      | 5225 ||| FLEEEEING.
  5226 | D:6      | 5226 ||| FLEEEEING.
  5227 | D:6      | 5227 ||| FLEEEEING.
  5229 | D:6      | 5229 ||| FLEEEEING.
  5230 | D:6      | 5230 ||| FLEEEEING.
  5231 | D:6      | 5231 ||| FLEEEEING.
  5232 | D:6      | 5232 ||| FLEEEEING.
  5233 | D:6      | 5233 ||| FLEEEEING.
  5234 | D:6      | 5234 ||| FLEEEEING.
  5235 | D:6      | 5235 ||| FLEEEEING.
  5236 | D:6      | 5236 ||| FLEEEEING.
  5237 | D:6      | 5237 ||| FLEEEEING.
  5240 | D:6      | 5240 ||| FLEEEEING.
  5243 | D:6      | 5243 ||| FLEEEEING.
  5244 | D:6      | 5244 ||| FLEEEEING.
  5245 | D:6      | 5245 ||| FLEEEEING.
  5246 | D:6      | 5246 ||| FLEEEEING.
  5247 | D:6      | 5247 ||| FLEEEEING.
  5251 | D:6      | 5251 ||| FLEEEEING.
  5252 | D:6      | 5252 ||| FLEEEEING.
  5253 | D:6      | 5253 ||| FLEEEEING.
  5254 | D:6      | 5254 ||| STAIRDANCE
  5318 | D:5      | 5318 ||| UPGRADING to +0 plate armour.
  5328 | D:5      | 5328 ||| DROPPING +0 chain mail.
  5329 | D:5      | 5329 ||| READING scroll labelled FEFEMU UWOBEOPS.
  5330 | D:5      | 5330 ||| READING scroll labelled CUIRRUNGITE.
  5331 | D:5      | 5331 ||| READING 3 scrolls of identify.
  5331 | D:5      | 5331 ||| IDENTIFYING murky blue potion
  5340 | D:6      | 5340 ||| STAIRDANCE
  5421 | D:6      | 5421 ||| SWAPPING to +3 war axe.
  5422 | D:6      | 5422 ||| DROPPING +0 war axe.
  5494 | D:6      | 5494 ||| Stepping ~*~*~tactically~*~*~ (stealth).
  5521 | D:6      | Reached skill level 6 in Armour
  5628 | D:6      | Noticed Edmund
  5638 | D:6      | Killed Edmund
  5759 | D:6      | 5759 ||| FLEEEEING.
  5794 | D:6      | 5794 ||| DROPPING +0 morningstar.
  5894 | D:6      | Found a bloodstained altar of Trog.
  6058 | D:6      | 6058 ||| UPGRADING to +0 plate armour of cold resistance.
  6068 | D:6      | 6068 ||| DROPPING +0 plate armour.
  6069 | D:6      | 6069 ||| DROPPING amulet of magic regeneration.
  6070 | D:6      | 6070 ||| UPGRADING to +4 ring of slaying {mikee}.
  6072 | D:6      | 6072 ||| DROPPING ring of resist corrosion.
  6073 | D:6      | 6073 ||| READING scroll labelled HUARYFRAIRY.
  6074 | D:6      | 6074 ||| READING scroll labelled LOSINE KAMI.
  6075 | D:6      | 6075 ||| READING 4 scrolls of identify.
  6075 | D:6      | 6075 ||| IDENTIFYING red potion
  6076 | D:6      | 6076 ||| DROPPING potion of ambrosia.
  6109 | D:7      | Found a transporter.
  6115 | D:7      | Noticed a kobold demonologist
  6190 | D:7      | 6190 ||| READING scroll of enchant weapon.
  6190 | D:7      | 6190 ||| ENCHANTING +4 war axe.
  6213 | D:7      | 6213 ||| Stepping ~*~*~tactically~*~*~ (hiding).
  6225 | D:7      | Reached skill level 13 in Axes
  6333 | D:7      | 6333 ||| Stepping ~*~*~tactically~*~*~ (stealth).
  6360 | D:7      | Found a transporter.
  6365 | D:7      | Noticed a kobold demonologist
  6433 | D:7      | Found a radiant altar of Vehumet.
  6533 | D:7      | Reached skill level 3 in Throwing
  6923 | D:7      | 6923 ||| DROPPING scarf of invisibility.
  6924 | D:7      | 6924 ||| READING 4 scrolls of identify.
  6924 | D:7      | 6924 ||| IDENTIFYING lumpy white potion
  6925 | D:7      | 6925 ||| DROPPING potion of degeneration.
  7096 | D:8      | Noticed a komodo dragon
  7105 | D:8      | Killed a komodo dragon
  7109 | D:8      | 7109 ||| Stepping ~*~*~tactically~*~*~ (stealth).
  7110 | D:8      | 7110 ||| Stepping ~*~*~tactically~*~*~ (stealth).
  7111 | D:8      | 7111 ||| Stepping ~*~*~tactically~*~*~ (stealth).
  7112 | D:8      | 7112 ||| FLEEEEING.
  7113 | D:8      | 7113 ||| FLEEEEING.
  7114 | D:8      | 7114 ||| FLEEEEING.
  7278 | D:8      | 7278 ||| Stepping ~*~*~tactically~*~*~ (hiding).
  7280 | D:8      | 7280 ||| Stepping randomly (cloudy).
  7281 | D:8      | 7281 ||| Stepping randomly (cloudy).
  7285 | D:8      | Reached XP level 9. HP: 67/82 MP: 8/8
  7367 | D:8      | Found a staircase to the Lair.
  7431 | D:8      | 7431 ||| Stepping ~*~*~tactically~*~*~ (hiding).
  7459 | D:8      | Noticed Pikel
  7460 | D:8      | 7460 ||| Stepping ~*~*~tactically~*~*~ (hiding).
  7475 | D:8      | Killed Pikel
  7563 | D:8      | 7563 ||| Stepping ~*~*~tactically~*~*~ (hiding).
  7569 | D:8      | Reached skill level 14 in Axes
  7582 | D:8      | 7582 ||| DRINKING potion of curing.
  7582 | D:8      | 7582 ||| (to cure confusion)
  7704 | D:8      | 7704 ||| INVOKING Sacrifice Stealth.
  7704 | D:8      | Gained mutation: You cannot be stealthy. [Ru sacrifice]
  7704 | D:8      | Reached ** piety under Ru
  8109 | D:8      | 8109 ||| Stepping ~*~*~tactically~*~*~ (stealth).
  8110 | D:8      | 8110 ||| Stepping ~*~*~tactically~*~*~ (stealth).
  8111 | D:8      | 8111 ||| Stepping ~*~*~tactically~*~*~ (stealth).
  8112 | D:8      | 8112 ||| Stepping ~*~*~tactically~*~*~ (stealth).
  8113 | D:8      | 8113 ||| Stepping ~*~*~tactically~*~*~ (stealth).
  8184 | D:8      | Found a blossoming altar of Fedhas.
  8194 | D:8      | 8194 ||| DROPPING ring of see invisible.
  8195 | D:8      | 8195 ||| DROPPING +6 ring of intelligence.
  8244 | D:9      | Found a snail-covered altar of Cheibriados.
  8254 | D:9      | 8254 ||| Stepping ~*~*~tactically~*~*~ (stealth).
  8257 | D:9      | 8257 ||| Stepping ~*~*~tactically~*~*~ (stealth).
  8262 | D:9      | 8262 ||| Stepping ~*~*~tactically~*~*~ (stealth).
  8264 | D:9      | 8264 ||| Stepping ~*~*~tactically~*~*~ (stealth).
  8268 | D:9      | 8268 ||| Stepping ~*~*~tactically~*~*~ (stealth).
  8269 | D:9      | 8269 ||| Stepping ~*~*~tactically~*~*~ (stealth).
  8272 | D:9      | 8272 ||| Stepping ~*~*~tactically~*~*~ (stealth).
  8277 | D:9      | Reached skill level 15 in Axes
  8277 | D:9      | 8277 ||| Stepping ~*~*~tactically~*~*~ (stealth).
  8280 | D:9      | 8280 ||| Stepping ~*~*~tactically~*~*~ (stealth).
  8286 | D:9      | Reached skill level 3 in Dodging
  8291 | D:9      | Reached skill level 9 in Fighting
  8486 | D:9      | 8486 ||| Stepping ~*~*~tactically~*~*~ (stealth).
  8498 | D:9      | 8498 ||| Stepping ~*~*~tactically~*~*~ (stealth).
  8503 | D:9      | 8503 ||| Stepping ~*~*~tactically~*~*~ (stealth).
  8734 | D:9      | 8734 ||| Stepping ~*~*~tactically~*~*~ (hiding).
  8911 | D:9      | 8911 ||| READING 4 scrolls of identify.
  8911 | D:9      | 8911 ||| IDENTIFYING sapphire potion
  8912 | D:9      | 8912 ||| READING 3 scrolls of identify.
  8912 | D:9      | 8912 ||| IDENTIFYING cyan potion
  8913 | D:9      | 8913 ||| READING 2 scrolls of identify.
  8913 | D:9      | 8913 ||| IDENTIFYING bubbling dark potion
  8914 | D:9      | 8914 ||| DROPPING potion of flight.
  8915 | D:9      | 8915 ||| DROPPING potion of magic.
  8916 | D:9      | 8916 ||| DROPPING potion of lignification.
  8948 | D:10     | Entered Level 10 of the Dungeon
  8951 | D:10     | 8951 ||| STAIRDANCE
  8990 | D:10     | Noticed a two-headed ogre
  9000 | D:10     | Killed a two-headed ogre
  9001 | D:10     | Reached XP level 10. HP: 74/91 MP: 9/9
  9103 | D:10     | Found a large runed translucent door.
  9106 | D:10     | Found a large runed translucent door.
  9163 | D:10     | Found a burning altar of Makhleb.
  9249 | D:10     | Reached skill level 16 in Axes
  9249 | D:10     | 9249 ||| Stepping ~*~*~tactically~*~*~ (stealth).
  9297 | D:10     | Identified the +10 whip of Nootiz {antimagic, Fly rF+ Int+2
                  | Stlth+}
  9363 | D:10     | Reached skill level 6 in Shields
  9756 | D:10     | Found an ancient bone altar of Kikubaaqudgha.
  9898 | D:10     | 9898 ||| INVOKING Reject Sacrifices.
 10053 | D:10     | 10053 ||| READING scroll labelled TIAMIT JUENK.
 10054 | D:10     | 10054 ||| READING scroll labelled SYOR RUGUOLI.
 10055 | D:10     | 10055 ||| READING 6 scrolls of identify.
 10055 | D:10     | 10055 ||| IDENTIFYING fuming green potion
 10056 | D:10     | 10056 ||| DROPPING potion of berserk rage.
 10161 | D:11     | Noticed a sixfirhy
 10166 | D:11     | Reached skill level 9 in Armour
 10439 | D:11     | 10439 ||| Stepping ~*~*~tactically~*~*~ (stealth).
 10440 | D:11     | 10440 ||| Stepping ~*~*~tactically~*~*~ (stealth).
 10441 | D:11     | 10441 ||| Stepping ~*~*~tactically~*~*~ (stealth).
 10442 | D:11     | 10442 ||| Stepping ~*~*~tactically~*~*~ (stealth).
 10601 | D:11     | Found a snail-covered altar of Cheibriados.
 10970 | D:11     | 10970 ||| PLANNING LAIR
 10970 | D:11     | 10970 ||| UPGRADING to amulet of regeneration.
 10975 | D:11     | 10975 ||| READING 6 scrolls of identify.
 10975 | D:11     | 10975 ||| IDENTIFYING black potion
 10976 | D:11     | 10976 ||| DROPPING potion of invisibility.
 11067 | Lair:1   | Entered Level 1 of the Lair of Beasts
 11075 | Lair:1   | Reached skill level 17 in Axes
 11182 | Lair:1   | 11182 ||| Stepping ~*~*~tactically~*~*~ (stealth).
 11229 | Lair:1   | 11229 ||| Stepping ~*~*~tactically~*~*~ (stealth).
 11236 | Lair:1   | 11236 ||| Stepping ~*~*~tactically~*~*~ (stealth).
 11242 | Lair:1   | 11242 ||| Stepping ~*~*~tactically~*~*~ (stealth).
 11310 | Lair:1   | 11310 ||| Stepping ~*~*~tactically~*~*~ (hiding).
 11311 | Lair:1   | 11311 ||| Stepping ~*~*~tactically~*~*~ (hiding).
 11335 | Lair:1   | 11335 ||| Stepping ~*~*~tactically~*~*~ (stealth).
 11368 | Lair:1   | You fall into a shaft and drop 1 floor!
 11548 | Lair:2   | Reached XP level 11. HP: 82/102 MP: 10/10
 11717 | Lair:2   | 11717 ||| READING scroll labelled PIOPOE KEHUST.
 11769 | Lair:2   | 11769 ||| FLEEEEING.
 11770 | Lair:2   | 11770 ||| FLEEEEING.
 11771 | Lair:2   | 11771 ||| STAIRDANCE
 11829 | Lair:1   | Noticed a five-headed hydra
 11833 | Lair:1   | 11833 ||| SWAPPING to +3 morningstar.
 11839 | Lair:1   | Killed a five-headed hydra
 11840 | Lair:1   | 11840 ||| SWAPPING to +5 war axe.
 12074 | Lair:1   | 12074 ||| Stepping ~*~*~tactically~*~*~ (stealth).
 12093 | Lair:1   | Reached skill level 12 in Fighting
 12169 | Lair:1   | 12169 ||| UPGRADING to +0 pair of gloves.
 12428 | Lair:2   | 12428 ||| FLEEEEING.
 12429 | Lair:2   | 12429 ||| FLEEEEING.
 12430 | Lair:2   | 12430 ||| FLEEEEING.
 12438 | Lair:2   | 12438 ||| Stepping ~*~*~tactically~*~*~ (stealth).
 12844 | Lair:3   | 12844 ||| Stepping ~*~*~tactically~*~*~ (stealth).
 12954 | Lair:3   | Found a staircase to the Snake Pit.
 12990 | Lair:3   | 12990 ||| Stepping ~*~*~tactically~*~*~ (stealth).
 13001 | Lair:3   | Found a staircase to the Shoals.
 13324 | Lair:3   | Reached skill level 12 in Armour
 13708 | Lair:4   | 13708 ||| READING scroll of enchant armour.
 13708 | Lair:4   | 13708 ||| ENCHANTING +0 pair of gloves.
 13787 | Lair:4   | 13787 ||| INVOKING Reject Sacrifices.
 13871 | Lair:4   | 13871 ||| Stepping ~*~*~tactically~*~*~ (stealth).
 13877 | Lair:4   | Found a frozen archway.
 14255 | Lair:4   | 14255 ||| Stepping ~*~*~tactically~*~*~ (stealth).
 14259 | Lair:4   | 14259 ||| Stepping ~*~*~tactically~*~*~ (stealth).
 14260 | Lair:4   | 14260 ||| Stepping ~*~*~tactically~*~*~ (stealth).
 14261 | Lair:4   | 14261 ||| Stepping ~*~*~tactically~*~*~ (stealth).
 14266 | Lair:4   | 14266 ||| Stepping ~*~*~tactically~*~*~ (stealth).
 14590 | Lair:5   | Entered Level 5 of the Lair of Beasts
 14598 | Lair:5   | 14598 ||| FLEEEEING.
 14601 | Lair:5   | Noticed a catoblepas
 14609 | Lair:5   | 14609 ||| Stepping ~*~*~tactically~*~*~ (cloud).
 14617 | Lair:5   | 14617 ||| Stepping ~*~*~tactically~*~*~ (cloud).
 14627 | Lair:5   | Reached XP level 12. HP: 57/115 MP: 11/11
 14628 | Lair:5   | 14628 ||| Stepping ~*~*~tactically~*~*~ (cloud).
 14631 | Lair:5   | Reached skill level 9 in Shields
 14825 | Lair:5   | 14825 ||| FLEEEEING.
 14826 | Lair:5   | 14826 ||| FLEEEEING.
 14827 | Lair:5   | 14827 ||| FLEEEEING.
 14828 | Lair:5   | 14828 ||| FLEEEEING.
 14832 | Lair:5   | 14832 ||| FLEEEEING.
 14833 | Lair:5   | 14833 ||| FLEEEEING.
 14834 | Lair:5   | 14834 ||| FLEEEEING.
 14835 | Lair:5   | 14835 ||| FLEEEEING.
 14836 | Lair:5   | 14836 ||| FLEEEEING.
 14837 | Lair:5   | 14837 ||| FLEEEEING.
 14838 | Lair:5   | 14838 ||| FLEEEEING.
 14839 | Lair:5   | 14839 ||| FLEEEEING.
 14840 | Lair:5   | 14840 ||| STAIRDANCE
 14867 | Lair:5   | 14867 ||| STAIRDANCE
 14943 | Lair:5   | 14943 ||| SWAPPING to +3 morningstar.
 14950 | Lair:5   | 14950 ||| SWAPPING to +5 war axe.
 15115 | Lair:5   | 15115 ||| Stepping ~*~*~tactically~*~*~ (stealth).
 15116 | Lair:5   | 15116 ||| Stepping ~*~*~tactically~*~*~ (stealth).
 15130 | Lair:5   | HP: 24/117 [poisoned by a sea snake]
 15131 | Lair:5   | 15131 ||| READING 3 scrolls of teleportation.
 15131 | Lair:5   | Succumbed to a sea snake's poison

Levels and vault maps discovered:
D:1:      ncdulo_halloftheorcs, layout_loops_ring, serial_shops,
          nicolae_shop_trees, hellmonk_ecumenical_altar_watching_god
D:2:      layout_loops_ring, minmay_misc_feat_pillars, st_stairs_5,
          minmay_mini_jars, uniq_sigmund
D:3:      layout_loops_ring, cheibrodos_sewer_entry_sluice,
          dreamdust_princess_corridor
D:4:      layout_cave_pools, zin_academy, minmay_temple_entry_proselytizer,
          lemuel_flame_loot_1
D:5:      layout_cave_pools, mainiacjoe_overflow_alcove_1, uniq_menkaure
D:6:      layout_loops_ring, lightli_temple_of_fire, overflow_temple_1_default,
          grunt_decor_arrowhead, chequers_serial_rivers_small_a,
          minmay_divided_ellipse, uniq_edmund
D:7:      gammafunk_wand_slinger, layout_loops_ring,
          mainiacjoe_overflow_cross_hatched
D:8:      layout_basic, fedhas_altar_decomposition, david_lair_shrubbed,
          uniq_pikel
D:9:      layout_small_grid, general_overflow_altar
D:10:     layout_basic, mainiacjoe_overflow_surrounded_room, demons_altar,
          jmf_multi_god_temple2, item_on_display_a
D:11:     layout_irregular_city, slow_altar_1
Temple:   nicolae_temple_bog_church
Lair:1:   layout_misc_corridors, beast_lair_carwin_2
Lair:2:   layout_cave_pods
Lair:3:   layout_gridlike, minmay_shoals_entry_hut,
          minmay_snake_entry_guardpost_small, serial_forest,
          infiniplex_forest_corner_2, infiniplex_forest_lined_4_way,
          infiniplex_forest_clump_tiny, infiniplex_forest_side_room,
          infiniplex_forest_straight_2, infiniplex_forest_lined_4_way,
          infiniplex_forest_lined_corner, minivault_24
Lair:4:   layout_cave_pods, portal_ice_cave_rime, infiniplex_staircase_pool
Lair:5:   gammafunk_lair_ancient_temple, layout_regular_city,
          dpeg_slime_entry_enclosed, dreamdust_mushroom_princess

Skill      XL: |  1  2  3  4  5  6  7  8  9 10 11 12 |
---------------+-------------------------------------+-----
Axes           | 3 6 7 8 12 13 15 17 | 17.0
Dodging        | 1 2 3 5 |  5.2
Fighting       | 4 6 8 9 11 13 14 | 14.1
Throwing       | 2 3 |  3.1
Armour         | 4 7 8 9 12 13 | 13.0
Shields        | 4 5 7 8 9 |  9.0

Action                   |  1- 3 |  4- 6 |  7- 9 | 10-12 || total
-------------------------+-------+-------+-------+-------++-------
Melee: War axe           |    38 |   141 |   349 |   404 ||   932
       Headbutt          |     6 |    21 |    69 |    96 ||   192
       Morningstar       |       |       |       |    10 ||    10
Throw: Boomerang         |       |     4 |    36 |   107 ||   147
       Javelin           |       |     4 |    56 |     7 ||    67
Invok: Sacrifice Experie |       |     1 |       |       ||     1
       Sacrifice Stealth |       |       |     1 |       ||     1
       Reject Sacrifices |       |       |       |     2 ||     2
  Use: Scroll            |     1 |     6 |    14 |     7 ||    28
       Potion            |       |     2 |     6 |       ||     8
 Stab: Distracted        |       |       |     2 |     2 ||     4
       Petrified         |       |       |       |     4 ||     4
Armor: Scale mail        |     8 |       |       |       ||     8
       Chain mail        |     5 |    54 |    50 |       ||   109
       Plate armour      |       |       |    56 |   134 ||   190
Dodge: Dodged            |    11 |    40 |   123 |   135 ||   309
Block: Buckler           |     5 |    14 |    60 |    67 ||   146

Table legend:
 A = Non-vault XP
 B = Vault XP
 C = Vault XP percentage of total XP
 D = Non-vault monster count
 E = Vault monster count
 F = Vault count percentage of total count
                 A         B        C        D         E       F
            +---------+---------+-------+---------+---------+-------
      Total |   36408 |    9347 |  20.4 |     301 |      61 |  16.9
            +---------+---------+-------+---------+---------+-------
        D:1 |      26 |       0 |   0.0 |      15 |       0 |   0.0
        D:2 |      27 |     321 |  92.2 |       7 |      13 |  65.0
        D:3 |     306 |      16 |   5.0 |      32 |       3 |   8.6
        D:4 |     314 |      41 |  11.5 |      26 |       1 |   3.7
        D:5 |     301 |     172 |  36.4 |      10 |       1 |   9.1
        D:6 |    1464 |    1200 |  45.0 |      28 |      13 |  31.7
        D:7 |     687 |       0 |   0.0 |      13 |       0 |   0.0
        D:8 |    1283 |    1410 |  52.4 |      26 |       8 |  23.5
        D:9 |    3033 |       0 |   0.0 |      25 |       0 |   0.0
       D:10 |    3131 |      79 |   2.5 |      13 |       2 |  13.3
       D:11 |    2820 |      18 |   0.6 |      18 |       1 |   5.3
     Lair:1 |    5874 |     523 |   8.2 |      23 |       4 |  14.8
     Lair:2 |    4810 |       0 |   0.0 |      23 |       0 |   0.0
     Lair:3 |    2374 |     745 |  23.9 |      11 |       4 |  26.7
     Lair:4 |    4820 |    1055 |  18.0 |      15 |       3 |  16.7
     Lair:5 |    5138 |    3767 |  42.3 |      16 |       8 |  33.3
            +---------+---------+-------+---------+---------+-------
